 Dungeon Crawl Stone Soup version 0.31.0-11-ge490571c62 (webtiles) character file.

Game seed: 8789348858486082198

68 Aviak the Ruffian (level 4, 33/33 HPs)
             Began as a Demonspawn Shapeshifter on Jan 26, 2024.
             Quit the game on level 2 of the Dungeon.
             The game lasted 00:01:42 (1261 turns).

Aviak the Ruffian (Demonspawn Shapeshifter)         Turns: 1261, Time: 00:01:43

Health: 33/33      AC:  2    Str: 14    XL:     4   Next: 1%
Magic:  4/4        EV: 12    Int: 12    God:
Gold:   93         SH:  0    Dex: 13    Spells: 3/3 levels left

rFire   . .          .
                       - Unarmed
rCold   . . .        (no shield)
rNeg    . . .        a - +0 animal skin
rPois   .            (helmet currently unavailable)
rElec   .            (cloak currently unavailable)
rCorr   .            (gloves currently unavailable)
SInv    .            (boots currently unavailable)
Will    +....        (no amulet)
Stlth   +            i - ring of willpower
HPRegen 0.25/turn    (no ring)
MPRegen 0.09/turn

%: no passive effects
@: beast-form
A: beast (slay +1), powered by pain 1, spiny 1
a: Begin Untransformation


You were on level 2 of the Dungeon.
You were a hulking beast.
You visited 1 branch of the dungeon, and saw 2 of its levels.

You collected 93 gold pieces.

Inventory:

Armour
 a - a +0 animal skin (worn)
Jewellery
 i - a ring of willpower (left hand)
Talismans
 c - a beast talisman
 d - a flux talisman
 f - a granite talisman
 j - a talisman of death
Scrolls
 b - a scroll of teleportation {unknown}
 g - 2 scrolls of poison {unknown}
 k - 2 scrolls of enchant weapon {unknown}
Potions
 e - a potion of might {unknown}
 h - a potion of curing {unknown}
 l - a potion of heal wounds {unknown}


   Skills:
 + Level 2.1 Fighting
 + Level 2.4 Dodging
 + Level 3.2 Unarmed Combat
 + Level 3.1 Shapeshifting


You had 3 spell levels left.
You didn't know any spells.
Your spell library was empty.

Dungeon Overview and Level Annotations

Branches:
Dungeon (2/15)

Altars:


Innate Abilities, Weirdness & Mutations

You are a hulking beast.
Your limbs bulge with bestial killing power. (Slay +1)
You sometimes gain a little power by taking damage.
You are partially covered in sharp spines.


Message History

A giant cockroach comes into view.
The giant cockroach misses you.
You closely miss the giant cockroach. The giant cockroach bites you.
You completely miss the giant cockroach.
The giant cockroach barely misses you.
You hit the giant cockroach but do no damage.
The giant cockroach closely misses you.
You hit the giant cockroach but do no damage.
The giant cockroach misses you.
You hit the giant cockroach.
The giant cockroach is heavily wounded.
The giant cockroach bites you.
You hit the giant cockroach but do no damage.
The giant cockroach is heavily wounded.
The giant cockroach bites you.
You barely miss the giant cockroach.
The giant cockroach is heavily wounded.
The giant cockroach bites you.
You hit the giant cockroach.
You kill the giant cockroach!
No target in view!
You see here a giant cockroach corpse.
A ball python comes into view.
Found a stone staircase leading down.
A ball python is nearby!
A giant cockroach comes into view.
The giant cockroach closely misses you.
You hit the giant cockroach.
The giant cockroach is almost dead.
The giant cockroach barely misses you.
You hit the giant cockroach.
You kill the giant cockroach!
You have reached level 4!
You feel agile.
Your demonic ancestry asserts itself...
Sharp spines emerge from parts of your body.
A giant cockroach and a hobgoblin come into view.
Found 4 gold pieces.
The hobgoblin shouts!
You see here a giant cockroach corpse.
Are you sure you want to abandon this character and quit the game? (Confirm with "yes".)

..###########
#$B.....g.S>#
#h# ..#
#.##..#
#.#...# #
##.....# #.
###...####
#.####...###
#......###
###.#.##
#######..#.#


You could see a giant cockroach, a hobgoblin and a ball python.

Vanquished Creatures
  Natasha (D:2)
  A dart slug (D:1)
  5 endoplasms
  3 giant cockroaches
  5 goblins
  A hobgoblin (D:1)
  A quokka (D:1)
  8 ball pythons
  5 bats
  A frilled lizard (D:1)
  6 kobolds
  3 rats
40 creatures vanquished.

Notes
Turn   | Place    | Note
-------+----------+-------------------------------------------
     0 | D:1      | Aviak the Demonspawn Shapeshifter began the quest for the
                  | Orb.
     0 | D:1      | Reached XP level 1. HP: 15/15 MP: 1/1
   180 | D:1      | Gained mutation: You sometimes gain a little power by
                  | taking damage. [demonic ancestry]
   180 | D:1      | Reached XP level 2. HP: 15/21 MP: 2/2
   897 | D:1      | Reached XP level 3. HP: 25/27 MP: 3/3
   929 | D:2      | Noticed Natasha
   942 | D:2      | Killed Natasha
  1260 | D:2      | Gained mutation: You are partially covered in sharp spines.
                  | [demonic ancestry]
  1260 | D:2      | Reached XP level 4. HP: 33/33 MP: 4/4
  1261 | D:2      | Quit the game

Illustrated notes

Levels and vault maps discovered:
D:1:      minmay_arrival_cross, layout_basic
D:2:      layout_basic, basic_altar, minmay_pentomino_o4, uniq_natasha,
          uniq_terence, uniq_jessica

Skill      XL: |  1  2  3 |
---------------+----------+-----
Dodging        | 2 |  2.4
Unarmed Combat | 3 |  3.2
Shapeshifting  | 3 |  3.1
Fighting       | 2 |  2.1

Action                     |  1- 3 |  4- 6 || total
---------------------------+-------+-------++-------
  Melee: Unarmed           |   108 |       ||   108
         Punch             |     2 |       ||     2
    Use: Potion            |     1 |       ||     1
 Armour: Animal skin       |    50 |       ||    50
         Skin              |     5 |       ||     5
  Dodge: Dodged            |    67 |       ||    67
